 Dungeon Crawl Stone Soup version 0.31-a0-1005-gfbdfbac (webtiles) character file.

Game seed: 4647933898743854702

417 Partyfoot the Trooper (level 6, -10/51 HPs)
             Began as a Demonspawn Fighter on Nov 11, 2023.
             Was an Initiate of Okawaru.
             Mangled by an ogre
             ... wielding a +0 giant spiked club
              (22 damage)
             ... on level 5 of the Dungeon.
             The game lasted 00:07:35 (3408 turns).

Partyfoot the Trooper (Demonspawn Fighter)          Turns: 3408, Time: 00:07:36

Health: -10/51     AC:  8    Str: 19    XL:     6   Next: 61%
Magic:  0/6        EV:  7    Int:  9    God:    Okawaru [......]
Gold:   200        SH:  5    Dex: 12    Spells: 5/5 levels left

rFire   . . .        f - +0 dagger (venom)
rCold   . . .        c - +0 buckler
rNeg    . . .        n - +0 chain mail
rPois   .            (no helmet)
rElec   .            (no cloak)
rCorr   .            (no gloves)
SInv    .            (no boots)
Will    .....        x - amulet of guardian spirit Stlth
                     y - +4 ring of slaying
HPRegen 0.28/turn    (no ring)
MPRegen 0.10/turn

%: guardian spirit
@: no status effects
A: demonic magic 1, weakness stinger 1
a: Renounce Religion


You were on level 5 of the Dungeon.
You worshipped Okawaru.
Okawaru was noncommittal.
You visited 1 branch of the dungeon, and saw 5 of its levels.

You collected 200 gold pieces.

Inventory:

Hand Weapons
 a - a +0 flail
 f - a +0 dagger of venom (weapon)
Missiles
 e - 8 javelins
 j - 39 stones
Armour
 b - a +0 scale mail
 c - a +0 buckler (worn)
 n - a +0 chain mail (worn)
Jewellery
 x - an amulet of guardian spirit (around neck)
 y - a +4 ring of slaying (left hand)
Scrolls
 g - 6 scrolls of identify {unknown}
 i - a scroll of acquirement {unknown}
 l - a scroll of blinking {unknown}
 m - a scroll of torment {unknown}
 q - a scroll of noise {unknown}
 r - 2 scrolls of teleportation {unknown}
 s - a scroll of poison {unknown}
 v - a scroll of revelation {unknown}
 z - a scroll of fear {unknown}
 A - a scroll of silence {unknown}
 B - a scroll of amnesia {unknown}
 C - a scroll of vulnerability {unknown}
 E - a scroll of enchant armour {unknown}
Potions
 d - a potion of might
 h - a potion of resistance {unknown}
 k - a potion of degeneration {unknown}
 o - 2 potions of curing {unknown}
 p - a potion of heal wounds {unknown}
 t - a potion of cancellation {unknown}
 u - 3 potions of mutation {unknown}
 w - a potion of attraction {unknown}
 D - a potion of lignification {unknown}
 F - a potion of brilliance {unknown}


   Skills:
 + Level 5.0 Fighting
 + Level 3.9 Maces & Flails
 - Level 2.7 Armour
 + Level 4.4 Shields


You had 5 spell levels left.
You didn't know any spells.
Your spell library contained the following spells:

 Spells                   Type           Power      Damage    Failure   Level
 Sublimation of Blood     Necr           0%         N/A       100%        2
 Wereblood                Tmut           0%         N/A       100%        2
 Summon Hydra             Summ           Unusable   N/A       N/A         7

Dungeon Overview and Level Annotations

Branches:
Dungeon (5/15)
 Temple: D:4-7

Altars:
Ashenzari
Okawaru


Innate Abilities, Weirdness & Mutations

Spells you cast may paralyse adjacent enemies.
You have a small tail.


Message History

The centaur hits you but does no damage.
The centaur kicks you but does no damage.
You hit the centaur but do no damage.
The centaur looks as sick as possible!
The centaur is moderately wounded.
The centaur hits you.
The centaur kicks you but does no damage.
The centaur wields a +0 shortbow.
The centaur shoots an arrow.
The arrow hits you! The ogre attacks as it pursues you!
The ogre barely misses you. Okawaru accepts your kill.
You feel a bit more experienced.
Your Fighting skill increases to level 5!
You hit the ogre.
The ogre is poisoned.
The ogre is lightly wounded.
The ogre hits you with a +0 giant spiked club!!
* * * LOW HITPOINT WARNING * * *
The ogre attacks as it pursues you! You block the ogre's attack.
Things that are here:
a +0 shortbow; a centaur corpse The ogre attacks as it pursues you!
The ogre barely misses you.
Things that are here:
a +0 shortbow; a centaur corpse
Things that are here:
a +0 shortbow; a centaur corpse
Things that are here:
a +0 shortbow; a centaur corpse You hit the ogre.
The ogre is poisoned.
The ogre is moderately wounded.
The ogre completely misses you.
You hit the ogre.
The ogre is heavily wounded.
The ogre hits you with a +0 giant spiked club!
* * * LOW HITPOINT WARNING * * *
You hit the ogre.
The ogre looks as sick as possible!
The ogre is heavily wounded.
Things that are here:
a +0 shortbow; a centaur corpse The ogre attacks as it pursues you!
The ogre hits you with a +0 giant spiked club!!
You die...

#.########.#...♣...#...
#. #........♣.♣..... #
####.......♣.♣.♣..
.......<..♣.♣.♣.♣
#.#####....♣.♣._.♣
#...........♣.♣.♣.♣
######.##...♣.♣.♣.. #
#.##....♣.♣.....
+..#.##@#...♣...#...
#.....O.............
#......#............
#......##..........
#..=...##.........
#......###........
#.###..# ....... ...
#..# ..... ## #...


You could see an ogre (extremely poisoned).

Vanquished Creatures
  A centaur (D:5)
  A scorpion (D:5)
  An orc priest (D:3)
  2 iguanas
  Terence (D:2)
  6 adders
  4 gnolls (D:3)
  2 worms
  A dart slug (D:4)
  3 orcs (D:3)
  9 endoplasms
  2 giant cockroaches
  6 hobgoblins
  5 kobolds
  3 quokkas
  11 ball pythons
  4 bats
  3 frilled lizards
  9 goblins
  6 rats
80 creatures vanquished.

Notes
Turn   | Place    | Note
-------+----------+-------------------------------------------
     0 | D:1      | Partyfoot the Demonspawn Fighter began the quest for the
                  | Orb.
     0 | D:1      | Reached XP level 1. HP: 18/18 MP: 1/1
   108 | D:1      | Discovered your monstrous ancestry.
   108 | D:1      | Gained mutation: You have a small tail. [demonic ancestry]
   108 | D:1      | Reached XP level 2. HP: 24/24 MP: 2/2
   744 | D:2      | Reached XP level 3. HP: 21/29 MP: 3/3
   819 | D:2      | You fall into a shaft and drop 1 floor!
   953 | D:2      | Noticed Terence
   964 | D:2      | Killed Terence
   965 | D:2      | Reached XP level 4. HP: 33/37 MP: 4/4
  1426 | D:3      | Reached skill level 4 in Fighting
  1675 | D:3      | Found a faded altar of an unknown god.
  1767 | D:3      | Found a broken altar of Ashenzari.
  1778 | D:3      | Gained mutation: Spells you cast may paralyse adjacent
                  | enemies. [demonic ancestry]
  1778 | D:3      | Reached XP level 5. HP: 38/42 MP: 5/5
  3313 | D:5      | Entered Level 5 of the Dungeon
  3315 | D:5      | Found an iron altar of Okawaru.
  3324 | D:5      | Reached XP level 6. HP: 49/49 MP: 6/6
  3342 | D:5      | Became a worshipper of Warmaster Okawaru
  3357 | D:5      | Reached skill level 5 in Fighting
  3408 | D:5      | Mangled by an ogre

Illustrated notes

Levels and vault maps discovered:
D:1:      minmay_arrival_jagged, layout_rooms, bh_walls_and_bars
D:2:      layout_rooms, uniq_terence
D:3:      layout_loops_corners, evilmike_ruin_ashenzari,
          shapermc_ecumenical_altar_totnotflames
D:4:      layout_basic
D:5:      layout_basic, okawaru_trees_2, mainiacjoe_overflow_brackets,
          nicolae_inconvenience_store, minmay_hedge_maze

Skill      XL: |  1  2  3  4  5  6 |
---------------+-------------------+-----
Maces & Flails | 2 3 |  3.9
Shields        | 3 4 |  4.4
Fighting       | 4 5 |  5.0
Armour         | |  2.7

Action                     |  1- 3 |  4- 6 || total
---------------------------+-------+-------++-------
  Melee: Dagger            |   106 |   134 ||   240
         Flail             |     4 |       ||     4
         Tailslap          |     6 |    17 ||    23
 Armour: Scale mail        |    39 |       ||    39
         Chain mail        |    22 |   106 ||   128
  Dodge: Dodged            |    32 |    43 ||    75
  Block: Buckler           |    25 |    34 ||    59

Table legend: (Time is in decaauts)
 A = Elapsed time spent in this place.
 B = Non-inter-level travel time spent in this place.
 C = Inter-level travel time spent in this place.
 D = Time resting spent in this place.
 E = Time spent auto-exploring this place.
 F = Levels seen in this place.
 G = Mean time per level.
                   A        B        C        D        E       F      G
               +--------+--------+--------+--------+--------+-----+--------+
         Total |   3415 |   3190 |    225 |    180 |   2385 |   5 |  683.0 |
       Dungeon |   3415 |   3190 |    225 |    180 |   2385 |   5 |  683.0 |
               +--------+--------+--------+--------+--------+-----+--------+

Top non-repeatable levels by time:
     D:3: 1089 daAuts
     D:4: 908 daAuts
     D:1: 711 daAuts
     D:2: 611 daAuts
     D:5: 95 daAuts
